AoeStats
← beneath mariana

Hideout

503193968Analyzed
4v4 RM · 1mo ago on Aug 30, 2026· 47m 15s· 8 players
Game mode
Random Map
Map size
Large (8 player)
Population
200
Speed
Normal
Resources
Standard
Victory
Conquest
Starting age
Dark Age
Ending age
Imperial Age
RankedLock teamsTeams togetherTeam positionsShared explorationLock speedFull tech treeHidden civsTurbo modeCheats
Victory
Defeat
🇫🇷 Dravidians · France
1514
+14
🇫🇷 Shu · France
1498
+14
🇫🇷 Georgians · France
1488
+15
🇫🇷 Bulgarians · France
1214
+26
🇲🇴 Slavs · Macao SAR China
1475
-18
🇨🇦 Turks · Canada
1475
-18
🇵🇱 Franks · Poland
1461
-18
🇨🇳 Armenians · China
1430
-16
Gasior
9:19 Feudal Age
7:45 Loom
11:39 Double-Bit Axe
19:50 Castle Age
18:12 Stone Mining
19:51 Wheelbarrow
20:03 Scale Barding Armor
22:37 Gold Mining
23:02 Bow Saw
25:56 Chain Barding Armor
26:32 Husbandry
29:06 Forging
32:16 Fletching
33:04 Iron Casting
32:59 Bodkin Arrow
35:44 Gold Shaft Mining
36:16 Ballistics
41:37 Imperial Age
40:21 Padded Archer Armor
40:24 Elite Skirmisher
41:58 Leather Archer Armor
42:40 Conscription
41:49 Cavalier
43:28 Plate Barding Armor
44:25 Blast Furnace
44:06 Conscription
47:23 Chemistry
beneath mariana
2:41 Loom
4:39 Loom
9:25 Feudal Age
9:51 Double-Bit Axe
10:00 Gold Mining
9:54 Horse Collar
17:30 Loom
22:38 Fletching
28:40 Castle Age
28:09 Scale Mail Armor
28:21 Padded Archer Armor
29:39 Bow Saw
30:09 Gold Shaft Mining
29:28 Stone Mining
34:52 Bodkin Arrow
34:32 Elite Skirmisher
36:50 Leather Archer Armor
36:58 Guard Tower
37:19 Masonry
39:29 Ballistics
46:15 Wheelbarrow
Hieminator
10:04 Loom
11:51 Feudal Age
13:37 Double-Bit Axe
16:21 Castle Age
14:03 Horse Collar
14:44 Fletching
17:55 Bodkin Arrow
19:57 Padded Archer Armor
21:29 Leather Archer Armor
26:48 Ballistics
31:45 Gold Mining
32:54 Thumb Ring
34:47 Bloodlines
35:00 Husbandry
40:35 Wheelbarrow
39:45 Town Watch
40:12 Bow Saw
40:02 Heavy Plow
pokka86
10:41 Feudal Age
10:46 Feudal Age
12:38 Double-Bit Axe
15:03 Castle Age
13:11 Horse Collar
14:24 Gold Mining
14:51 Fletching
16:34 Bow Saw
20:09 Bodkin Arrow
21:30 Ballistics
21:20 Padded Archer Armor
22:14 Husbandry
24:08 Wheelbarrow
23:58 Bloodlines
24:45 Leather Archer Armor
31:53 Stone Mining
32:57 Loom
32:57 Town Watch
33:28 Hand Cart
37:19 Imperial Age
36:07 Forging
35:57 Scale Mail Armor
38:05 Iron Casting
37:45 Chain Mail Armor
36:56 Pikeman
37:36 Squires
38:10 Capped Ram
39:05 Halberdier
39:55 Heavy Plow
41:02 Blast Furnace
40:32 Plate Mail Armor
40:18 Siege Ram
42:03 Conscription
43:29 Onager
TheMonkeyDonkey
9:20 Feudal Age
9:24 Man-at-Arms
10:03 Double-Bit Axe
9:59 Horse Collar
16:00 Loom
19:23 Castle Age
17:17 Fletching
17:29 Arson
19:11 Gold Mining
20:02 Bodkin Arrow
20:19 Bow Saw
20:11 Heavy Plow
20:36 Padded Archer Armor
25:49 Leather Archer Armor
27:52 Ballistics
28:09 Wheelbarrow
32:15 Hand Cart
33:09 Thumb Ring
38:12 Imperial Age
36:31 Masonry
36:26 Town Watch
37:17 Medical Corps
38:55 Bracer
39:57 Chemistry
39:27 Conscription
39:11 Guard Tower
39:42 Elite Elephant Archer
40:54 Ring Archer Armor
41:39 Two-Man Saw
43:23 Chemistry
42:14 Guard Tower
43:56 Arrowslits
45:35 Caravan
46:43 Town Patrol
PironovskyII
9:33 Feudal Age
10:15 Double-Bit Axe
12:34 Fletching
19:58 Castle Age
18:31 Padded Archer Armor
19:15 Loom
19:14 Horse Collar
20:01 Crossbowman
20:37 Bodkin Arrow
22:10 Leather Archer Armor
23:01 Ballistics
25:31 Wheelbarrow
31:25 Imperial Age
30:42 Thumb Ring
31:47 Arbalester
33:22 Bracer
35:00 Heavy Plow
36:27 Chemistry
39:55 Scale Mail Armor
40:37 Bow Saw
41:00 Forging
41:44 Chain Mail Armor
44:08 Plate Mail Armor
44:45 Squires
44:31 Arson
46:10 Hand Cart
46:19 Coiled Serpent Array
ぴか殿
8:19 Feudal Age
10:47 Double-Bit Axe
13:12 Loom
21:54 Castle Age
20:43 Bloodlines
22:22 Wheelbarrow
22:37 Scale Barding Armor
22:43 Forging
25:44 Hand Cart
27:47 Chain Barding Armor
33:22 Husbandry
37:54 Imperial Age
36:56 Iron Casting
35:52 Light Cavalry
36:16 Horse Collar
36:31 Gold Mining
36:51 Bow Saw
37:00 Bow Saw
37:37 Town Watch
38:14 Cavalier
39:39 Plate Barding Armor
39:50 Stone Mining
40:02 Heavy Plow
41:48 Blast Furnace
43:34 Town Patrol
43:57 Hussar
Arkos
9:50 Feudal Age
8:34 Loom
11:05 Double-Bit Axe
11:03 Horse Collar
18:09 Loom
20:55 Castle Age
19:52 Loom
20:26 Bloodlines
20:23 Scale Barding Armor
20:51 Forging
22:10 Wheelbarrow
22:49 Bow Saw
22:42 Gold Mining
24:18 Chain Barding Armor
24:53 Heavy Plow
33:17 Iron Casting
33:04 Husbandry
33:41 Fletching
38:33 Imperial Age
37:03 Hand Cart
37:08 Light Cavalry
38:18 Town Watch
39:32 Gold Shaft Mining
40:04 Plate Barding Armor
38:51 Cavalier
41:12 Blast Furnace
40:50 Stirrups
42:20 Crop Rotation
42:43 Bodkin Arrow
44:08 Conscription
44:22 Hussar
Connection lost

Rejoining the realm…

Still unreachable

The connection could not be restored.

Session expired

The server has moved on; the page needs a fresh start.